 Dungeon Crawl Stone Soup version 0.28-a0-401-ge240ad9e29 (webtiles) character file.

Game seed: 14324237960927478654

35 omnomnOMINOUS the Shooter (level 3, -3/27 HPs)
             Began as an Octopode Wanderer on Sept 5, 2021.
             Was an Initiate of Ru.
             Slain by a gnoll (5 damage)
             ... on level 3 of the Dungeon.
             The game lasted 00:05:53 (1609 turns).

omnomnOMINOUS the Shooter (Octopode Wanderer)       Turns: 1609, Time: 00:05:53

Health: -3/27      AC:  1    Str: 12    XL:     3   Next: 33%
Magic:  3/3        EV: 13    Int: 15    God:    Ru [......]
Gold:   75         SH:  0    Dex: 10    Spells: 2/2 levels left

rFire   . . .      SeeInvis .   b - +1 arbalest (freeze)
rCold   . . .      Faith    .   (shield currently unavailable)
rNeg    . . .      Spirit   .   (helmet restricted)
rPois   .          Reflect  .   (no amulet)
rElec   .          Harm     .   (no ring)
rCorr   .          Rampage  .   (no ring)
Will    .....                   (no ring)
Stlth   ++........              (no ring)
HPRegen 0.09/turn               (no ring)
MPRegen 0.08/turn               (no ring)
                                (no ring)
                                (no ring)

@: no status effects
A: almost no armour, amphibious, 8 rings, camouflage 1, gelatinous body 1,
(nimble swimmer 1), tentacles
a: Renounce Religion


You were on level 3 of the Dungeon.
You worshipped Ru.
Ru was noncommittal.
You visited 1 branch of the dungeon, and saw 3 of its levels.

You collected 75 gold pieces.

Inventory:

Hand Weapons
 a - a +0 falchion
 b - a +1 arbalest of freezing (weapon)
 c - a +2 shortbow
Missiles
 d - 42 bolts (quivered ammo)
 l - 60 arrows
Scrolls
 g - 3 scrolls of teleportation {unknown}
 j - a scroll of fear {unknown}
 k - 2 scrolls of identify {unknown}
 m - a scroll of enchant weapon {unknown}
Potions
 e - a potion of curing
 f - a potion of lignification {unknown}
 h - a potion of brilliance {unknown}


   Skills:
 - Level 4.0 Fighting
 - Level 4.0 Bows
 - Level 1.0 Throwing
 + Level 2.9 Dodging
 - Level 1.0 Shields


You had 2 spell levels left.
You didn't know any spells.
Your spell library was empty.

Dungeon Overview and Level Annotations

Branches:
Dungeon (3/15)

Altars:
Ru


Innate Abilities, Weirdness & Mutations

You cannot wear most types of armour.
You are amphibious.
You can wear up to eight rings at the same time.
Your skin changes colour to match your surroundings (Stealth+).
Your rubbery body absorbs attacks. (AC +1, EV +1)
((You are camouflaged near water. (Stealth+)))
You have tentacles for arms and can constrict up to eight enemies at once.


Message History

No target in view!
Found a mace.
d - 43 bolts (gained 23)
There is a stone staircase leading up here.
Done exploring.
Done exploring.
There is a sacrificial altar of Ru here.
You see here a +0 club.
There is an escape hatch in the floor here.
You slide downwards.
The hatch slams shut behind you.
The goblin shouts! x3; The gnoll shouts!
You hear a shout! x2
Found 10 gold pieces.
Okay, then.
Unknown command.
Okay, then.
Your +1 arbalest of freezing is covered in frost.
b - a +1 arbalest of freezing (weapon)
Fire: 43 bolts
Press: ? - help, Q - select action Shift-Dir - straight line, f - gnoll
Aim: a gnoll, wielding a +0 halberd (wandering, hasn't noticed you, 63% to hit)
You shoot a bolt. The bolt barely misses the gnoll.
The gnoll shouts!
You hear a shout! x2
The gnoll hits you with a +0 halberd!
A goblin comes into view. It is wielding a +0 club.
A gnoll comes into view. It is wielding a +0 whip.
The gnoll hits you with a +0 halberd.
You hear a shout! x2
Unknown command.
Unknown command.
As you read the scroll labelled MIADWYCSOCW, it crumbles to dust.
You feel aware of your surroundings.
You sensed 2 altars, and 1 shop/portal.
It was a scroll of magic mapping.
A goblin comes into view. It is wielding a +0 club.
The gnoll hits you from afar with a +0 spear!
* * * LOW HITPOINT WARNING * * *
The gnoll hits you with a +0 whip.
* * * LOW HITPOINT WARNING * * *
The gnoll hits you with a +0 halberd.
You die...

*,*,,,*,,,*,,,*,,,*,,,*,*,*****
*,,,*,,,*,.,*,.(#,,.#,,,,,,,,,**
*,*,,,*,,,#.,,#..,#.,,*,,,,,,,,*
*,,,*,,,#,,.#,..#,.,*,,,,,,,,,,,
*,*,,,*,..#,.,#...#,,,#,,,,<,,,,
*,,,*,,,#...#...#.,,#g.,,,,,,,,,
*,*,,,*,,,#...#..,#g..g,,,,,,,,*
*,,,**,,*,,,#.gg#.$.g.#,,,*,,,**
***,****,,*,,,#@g...#**********
*,******,,#g....###
*,,,,,,,......###
*******##...### ####*


You could see 3 gnolls and 5 goblins.

Vanquished Creatures
  2 dart slugs (D:1)
  5 bats
  An endoplasm (D:2)
  2 giant cockroaches (D:2)
  A goblin (D:2)
  3 hobgoblins (D:1)
  3 jackals (D:2)
  4 quokkas
  4 kobolds
  3 rats
28 creatures vanquished.

Notes
Turn   | Place    | Note
-------+----------+-------------------------------------------
     0 | D:1      | omnomnOMINOUS the Octopode Wanderer began the quest for the
                  | Orb.
     0 | D:1      | omnomnOMINOUS set off with the following items: a +2
                  | shortbow, 25 arrows, a +0 hand crossbow, 24 bolts, a potion
                  | of curing
     0 | D:1      | Reached XP level 1. HP: 17/17 MP: 1/1
    67 | D:1      | Reached skill level 1 in Dodging
   141 | D:1      | Reached XP level 2. HP: 13/22 MP: 2/2
   987 | D:2      | Found a sacrificial altar of Ru.
   999 | D:2      | Became a worshipper of Ru the Awakened
  1002 | D:2      | Reached XP level 3. HP: 23/27 MP: 3/3
  1422 | D:2      | Found a faded altar of an unknown god.
  1609 | D:3      | Slain by a gnoll

Illustrated notes

Levels and vault maps discovered:
D:1:      wheals_arrival_shading, layout_loops_ring
D:2:      layout_rooms, ebering_ecumenical_altar_sacrificial, basic_altar
D:3:      layout_rooms, nicolae_ru_great_annihilating_truth,
          nicolae_sif_muna_little_library, serial_shops,
          nicolae_shop_behind_doors, interstate_on_off, hex_large, uniq_grinder,
          uniq_robin

Skill      XL: |  1  2 |
---------------+-------+-----
Dodging        | 1 2 |  2.9
Fighting       | |  4.0
Bows           | |  4.0
Throwing       | |  1.0
Shields        | |  1.0

Action                   || total
-------------------------++-------
Melee: Hand axe          ||     7
       Falchion          ||    29
       Constrict         ||     7
       Tentacles         ||     4
       Unarmed           ||     3
 Fire: Hand crossbow     ||    30
       Arbalest          ||     3
  Use: Scroll            ||     1
 Stab: Sleeping          ||     1
Armor: Skin              ||     6
Dodge: Dodged            ||    45

Table legend: (Time is in decaauts)
 A = Elapsed time spent in this place.
 B = Non-inter-level travel time spent in this place.
 C = Inter-level travel time spent in this place.
 D = Time resting spent in this place.
 E = Time spent auto-exploring this place.
 F = Levels seen in this place.
 G = Mean time per level.
                   A        B        C        D        E       F      G
               +--------+--------+--------+--------+--------+-----+--------+
         Total |   1631 |   1576 |     55 |      0 |   1340 |   3 |  543.7 |
       Dungeon |   1631 |   1576 |     55 |      0 |   1340 |   3 |  543.7 |
               +--------+--------+--------+--------+--------+-----+--------+

Top non-repeatable levels by time:
     D:1: 954 daAuts
     D:2: 673 daAuts
     D:3: 3 daAuts
